 Dungeon Crawl Stone Soup version 0.32-a0-7-ge934b4519a (webtiles) character file.

Game seed: 5920335278598758350

4095 Aldia the Protected (level 10, -1/84 HPs)
             Began as an Armataur Fighter on Jan 13, 2024.
             Was an Elder of Okawaru.
             Killed from afar by Erica (7 damage)
             ... with a bolt of acid
             ... on level 9 of the Dungeon.
             The game lasted 00:14:38 (7388 turns).

Aldia the Protected (Armataur Fighter)              Turns: 7388, Time: 00:14:38

Health: -1/84      AC: 10    Str: 25    XL:     10   Next: 5%
Magic:  13/13      EV:  9    Int:  4    God:    Okawaru [****..]
Gold:   269        SH:  0    Dex: 11    Spells: 6/9 levels left

rFire   . . .        e - +7 halberd of the Pure Yaks {speed, rElec Will+ Int-4}
rCold   . . .        (shield currently unavailable)
rNeg    . . .        y - +0 acid dragon scales
rPois   .            (no helmet)
rElec   +            A - +1 cloak
rCorr   +            (no gloves)
SInv    .            (no barding)
Will    +....        u - amulet of faith
Stlth   +            o - ring of resist corrosion
HPRegen 0.34/turn    w - ring of flight
MPRegen 0.13/turn

%: roll, faith
@: marked, flying
A: large, deformed body, tough skin 3, armoured tail, roll 2
a: Renounce Religion, Heroism, Finesse


You were on level 9 of the Dungeon.
You worshipped Okawaru.
Okawaru was greatly pleased with you.
You visited 2 branches of the dungeon, and saw 12 of its levels.

You collected 479 gold pieces.
You spent 210 gold pieces at shops.

Inventory:

Hand Weapons
 e - the +7 halberd of the Pure Yaks (weapon) {speed, rElec Will+ Int-4}
   (You acquired it on level 4 of the Dungeon)

   Int-4:     It affects your intelligence (-4).
   rElec:     It insulates you from electricity.
   Will+:     It increases your willpower.
Missiles
 p - 5 javelins (quivered)
Armour
 b - a +0 plate armour
 c - a +0 buckler
 s - a +1 chain mail
 y - +0 acid dragon scales (worn)
 A - a +1 cloak (worn)
Jewellery
 o - a ring of resist corrosion (left hand)
 u - an amulet of faith (around neck)
 w - a ring of flight (right hand)
Wands
 i - a wand of polymorph (12)
 t - a wand of iceblast (9)
 x - a wand of flame (30)
 z - a wand of acid (6)
Scrolls
 f - 8 scrolls of teleportation
 h - a scroll of butterflies
 q - 2 scrolls of silence
 v - 2 scrolls of poison
 B - 2 scrolls of fear
 C - a scroll of brand weapon
 E - a scroll of noise {unknown}
Potions
 a - a potion of resistance
 d - 2 potions of might
 g - 2 potions of enlightenment
 j - a potion of heal wounds
 k - a potion of magic
 l - a potion of haste
 m - 4 potions of curing
 n - a potion of lignification
 r - 2 potions of ambrosia
 D - 2 potions of invisibility


   Skills:
 + Level 6.7 Fighting
 - Level 3.2 Maces & Flails
 * Level 7.6 Polearms
 + Level 8.9 Armour
 - Level 1.0 Dodging
 - Level 4.0 Shields
 + Level 4.3 Invocations


You had 6 spell levels left.
You knew the following spells:

 Your Spells              Type           Power      Damage    Failure   Level
a - Blink                 Tloc           0%         N/A       71%         2
b - Apportation           Tloc           0%         N/A       56%         1

Your spell library contained the following spells:

 Spells                   Type           Power      Damage    Failure   Level
 Freeze                   Ice            0%         1d3       56%         1
 Magic Dart               Conj           0%         1d3       56%         1
 Cigotuvi's Dreadful Rot  Necr/Alch/Air  0%         N/A       71%         2
 Ensorcelled Hibernation  Hex/Ice        0%         N/A       71%         2
 Jinxbite                 Hex            0%         N/A       71%         2
 Scorch                   Fire           0%         2d5       71%         2
 Frozen Ramparts          Ice            0%         1d1       90%         3
 Hailstorm                Conj/Ice       0%         3d5       90%         3
 Dimensional Bullseye     Hex/Tloc       0%         N/A       100%        4
 Ignite Poison            Fire/Alch      0%         N/A       100%        4
 Alistair's Intoxication  Alch           0%         N/A       100%        5
 Freezing Cloud           Conj/Ice/Air   0%         6-21      100%        5
 Starburst                Conj/Fire      0%         6d3       100%        6
 Call Imp                 Summ           Unusable   N/A       N/A         2
 Summon Blazeheart Golem  Fire/Summ      Unusable   N/A       N/A         4

Dungeon Overview and Level Annotations

Branches:
Dungeon (11/15)            Temple (1/1) D:6            Lair (0/5) D:9
    Orc: D:9-12

Altars:
Ashenzari
Cheibriados
Dithmenos
Elyvilon
Fedhas
Gozag
Hepliaklqana
Makhleb
Nemelex Xobeh
Okawaru
Qazlal
Ru
Trog
Wu Jian
Xom
Yredelemnul
Zin
The Shining One

Shops:
D:5 (   D:8 !

Annotations:
D:3 2 runed translucent doors, 356356's ghost, amateur MiFi
D:7 2 transporters, zenocrate's ghost, novice VSEn
D:9 Erica
D:10 Fannar


Innate Abilities, Weirdness & Mutations

Armour fits poorly on your strangely shaped body.
You have extremely tough skin. (AC +3)
You have a long armoured tail.
You regenerate magic and health when rolling toward enemies. (Rampage Regen)


Message History

The arrow barely misses you.
Erica casts a spell.
Erica flickers and vanishes!
Deactivating autopickup; reactivate with Ctrl-A.
The centaur shoots an arrow.
The arrow hits you but does no damage.
A kobold brigand and 3 kobolds come into view.
The kobold brigand is wielding a +0 short sword and quivering curare-tipped darts.
The kobold brigand shouts!
The kobold shouts! x2
The centaur shoots an arrow.
The arrow hits you!
The centaur shoots an arrow.
The arrow hits you but does no damage.
A kobold comes into view.
It is wielding a +0 short sword and quivering poisoned darts.
A kobold comes into view. It is wielding a +0 short sword.
The centaur shoots an arrow.
The arrow hits you but does no damage.
The centaur shoots an arrow.
The kobold pulls the alarm!
The alarm trap emits a blaring wail!
A sentinel's mark forms upon you.
You hear a shout! x7; You hear an angry hiss. x2
The centaur shoots an arrow.
The arrow hits you.
The centaur shoots an arrow.
The centaur shoots an arrow.
The arrow hits you.
You hear some strange, mumbled words.
Something tries to affect you, but you resist.
You hear some strange, mumbled words.
A bolt of poison appears from out of thin air!
The bolt of poison hits you!!!
You are poisoned.
* * * LOW HITPOINT WARNING * * *
* * * LOW HITPOINT WARNING * * *
You feel very sick.
The centaur shoots an arrow.
You feel very sick.
You feel very sick.
The centaur shoots an arrow.
The arrow hits you but does no damage.
You feel sick.
The centaur shoots an arrow.
The arrow hits you.
* * * LOW HITPOINT WARNING * * *
You feel better.
The centaur shoots an arrow.
The arrow hits you!
* * * LOW HITPOINT WARNING * * *
You hear a zap.
A bolt of acid appears from out of thin air!
The bolt of acid hits you! You resist.
You die...

.......####....####.###.#.###.###
.............................†...
..........#....####.#.###.###†.##
#########.#.......#.### ### #####
######....#.......#.# #
..........#.......#.# #
..........#.......#.# #
.......<..#.......#.#
.......##..[....@.#.# ..K
.......##......###{.## ..K
#########......# #...## K.. #
#...#### #....# .K. # #####
##K#c####.# # #.#.#....# #
#...K.K..# # ###.#.#.## # #.#.#


You could see a centaur.

Vanquished Creatures
  An ugly thing (D:11)
  A komodo dragon (D:9)
  A troll (D:9)
  Prince Ribbit (D:5)
  A shadow (D:9)
  A steam dragon (D:8)
  A wyvern (D:10)
  2 acid dragons (D:9)
  Duvessa (D:5)
  3 black bears
  An ice beast (D:7)
  An ogre (D:5)
  A centaur (D:11)
  A kobold brigand (D:9)
  A gnoll sergeant (D:6)
  4 bullfrogs (D:9)
  A scorpion (D:5)
  A necrophage (D:6)
  Dowan (D:5)
  7 killer bees
  A bombardier beetle (D:5)
  Crazy Yiuf (D:5)
  4 orc priests
  5 hounds
  2 jellies
  A sleepcap (D:7)
  5 orc wizards
  5 iguanas
  A hound skeleton (D:6)
  5 gnolls (D:6)
  5 adders
  A white imp (D:5)
  An ufetubus (D:6)
  A dart slug (D:2)
  3 ribbon worms
  27 orcs
  4 endoplasms
  3 giant cockroaches
  4 goblins
  8 hobgoblins
  9 jackals
  7 kobolds
  2 quokkas
  10 ball pythons
  A bat (D:3)
  3 frilled lizards
  4 rats
155 creatures vanquished.

Notes
Turn   | Place    | Note
-------+----------+-------------------------------------------
     0 | D:1      | Aldia the Armataur Fighter began the quest for the Orb.
     0 | D:1      | Reached XP level 1. HP: 18/18 MP: 1/1
   464 | D:1      | Reached XP level 2. HP: 25/25 MP: 2/2
  1000 | D:2      | Reached skill level 4 in Armour
  1000 | D:2      | Reached XP level 3. HP: 13/30 MP: 3/3
  1398 | D:2      | Learned a level 2 spell: Blink
  1495 | D:2      | Reached XP level 4. HP: 38/38 MP: 4/4
  1990 | D:3      | Found a large runed translucent door.
  1990 | D:3      | Found a large runed translucent door.
  1992 | D:3      | Noticed 356356's ghost (amateur MiFi)
  2659 | D:4      | Identified a scroll of acquirement
  2661 | D:4      | Acquired the +7 halberd of the Pure Yaks {speed, rElec
                  | Will+ Int-4}
  2684 | D:4      | Reached XP level 5. HP: 45/45 MP: 5/5
  2895 | D:4      | Reached skill level 1 in Polearms
  2901 | D:4      | Found an iron altar of Okawaru.
  2933 | D:4      | Became a worshipper of Warmaster Okawaru
  3005 | D:4      | Learned a level 1 spell: Apportation
  3034 | D:4      | Reached skill level 1 in Dodging
  3043 | D:4      | HP: 1/45 [iguana (7)]
  3185 | D:4      | Reached XP level 6. HP: 51/51 MP: 6/6
  3617 | D:5      | Entered Level 5 of the Dungeon
  3626 | D:4      | Reached skill level 1 in Invocations
  3628 | D:5      | Reached * piety under Okawaru
  3629 | D:5      | Reached skill level 5 in Armour
  3653 | D:5      | Found a glowing silver altar of Zin.
  3721 | D:5      | Gained mutation: You regenerate magic and health when
                  | rolling toward enemies. (Rampage Regen) [Armataur growth]
  3721 | D:5      | Reached XP level 7. HP: 43/59 MP: 8/8
  3927 | D:5      | Noticed Duvessa
  3928 | D:5      | Noticed Dowan
  3933 | D:5      | Killed Duvessa
  3942 | D:5      | Killed Dowan
  4284 | D:5      | Found Wyothry's Weapon Emporium.
  4358 | D:5      | Found a runed translucent door.
  4359 | D:5      | Noticed Crazy Yiuf
  4505 | D:5      | Noticed Prince Ribbit
  4509 | D:5      | Killed Prince Ribbit
  4509 | D:5      | Reached ** piety under Okawaru
  4510 | D:5      | Reached skill level 6 in Armour
  4510 | D:5      | Reached XP level 8. HP: 52/67 MP: 9/9
  4687 | D:5      | Killed Crazy Yiuf
  4776 | D:6      | Got the Incunable of Pyromancy and Charms
  4816 | D:6      | Reached skill level 5 in Fighting
  5025 | D:6      | Found a staircase to the Ecumenical Temple.
  5036 | Temple   | Entered the Ecumenical Temple
  5209 | D:6      | Found a burning altar of Makhleb.
  5218 | D:6      | Reached skill level 5 in Polearms
  5625 | D:7      | Noticed zenocrate's ghost (novice VSEn)
  5682 | D:7      | Found a transporter.
  5723 | D:7      | Identified the +1 kite shield "Yqigibin" {Str+4}
  5791 | D:7      | Found a transporter.
  5893 | D:7      | Reached skill level 7 in Armour
  5902 | D:7      | HP: 3/69 [poisoned by a killer bee]
  5905 | D:7      | HP: 1/69 [poisoned by a killer bee]
  6305 | D:7      | Reached *** piety under Okawaru
  6478 | D:8      | Found Taliam's Distillery.
  6487 | D:8      | Reached XP level 9. HP: 50/75 MP: 10/10
  6496 | D:8      | Bought a potion of curing for 45 gold pieces
  6496 | D:8      | Bought a potion of curing for 45 gold pieces
  6496 | D:8      | Bought a potion of invisibility for 120 gold pieces
  6535 | D:8      | Found a hazy altar of Hepliaklqana.
  6571 | D:8      | Found a white marble altar of Elyvilon.
  6622 | D:8      | You are sucked into a shaft and drop 3 floors!
  6688 | D:11     | Noticed a green ugly thing
  6700 | D:11     | Killed a green ugly thing
  6885 | D:10     | Entered Level 10 of the Dungeon
  6891 | D:10     | Reached skill level 8 in Armour
  6914 | D:10     | Noticed Fannar
  7081 | D:9      | Identified the +1 leather armour "Buim" {rC+ rN+ Dex+2}
  7090 | D:9      | Reached **** piety under Okawaru
  7118 | D:9      | Noticed a troll
  7125 | D:9      | Killed a troll
  7133 | D:9      | Noticed a komodo dragon
  7156 | D:9      | Found a staircase to the Lair.
  7163 | D:9      | Killed a komodo dragon
  7193 | D:9      | Reached XP level 10. HP: 83/84 MP: 13/13
  7374 | D:9      | Noticed Erica
  7388 | D:9      | Killed from afar by Erica

Illustrated notes

Levels and vault maps discovered:
D:1:      reono_arrival_forest_river, layout_basic,
          chequers_serial_rivers_large_a, nicolae_concentric_dashed_squares_mild
D:2:      layout_basic
D:3:      layout_basic, ebering_ghost_disaster_area, roderic_cross_of_infinity
D:4:      layout_basic, mainiacjoe_overflow_concentric_impassable
D:5:      layout_basic, mainiacjoe_overflow_catwalk, serial_shops,
          nicolae_shop_behind_doors, uniq_crazy_yiuf_cottage, uniq_duvessa,
          uniq_prince_ribbit1
D:6:      layout_cave_pods, makhleb_blood_cavern_becter,
          minmay_temple_entry_crystal_x, st_stairs_5
D:7:      layout_cave_pools, gammafunk_ghost_gnarly_gnolls
D:8:      layout_rooms, nzn_hepliaklqana_mist_gate, lemuel_crystal_altar,
          lemuel_doored_altar, gammafunk_ghost_hydra_chop, serial_shops,
          nicolae_shop_statue_plus
D:9:      layout_basic, palyth_temple_overflow_mages,
          due_lair_maze_entry_diamond, uniq_erica
D:10:     layout_irregular_city, uniq_fannar
D:11:     layout_basic, uniq_erolcha, uniq_snorg
Temple:   cyrus_circular_temple

Skill      XL: |  1  2  3  4  5  6  7  8  9 |
---------------+----------------------------+-----
Maces & Flails | 2 3 |  3.2
Armour         | 4 5 6 7 8 |  8.9
Fighting       | 3 4 5 6 |  6.7
Shields        | 4 |  4.0
Polearms       | 1 2 4 6 7 |  7.6
Dodging        | 1 |  1.0
Invocations    | 1 2 4 |  4.3

Action                     |  1- 3 |  4- 6 |  7- 9 | 10-12 || total
---------------------------+-------+-------+-------+-------++-------
  Melee: Flail             |    95 |    50 |       |       ||   145
         Tailslap          |     7 |    10 |    22 |       ||    39
         Halberd           |       |    74 |   209 |     8 ||   291
 Invoke: Heroism           |       |       |     5 |       ||     5
    Use: Scroll            |     2 |    13 |     7 |       ||    22
         Potion            |       |     1 |       |     1 ||     2
 Armour: Scale mail        |    98 |       |       |       ||    98
         Chain mail        |       |    70 |   126 |       ||   196
         Plate armour      |       |       |     2 |       ||     2
         Acid dragon scale |       |       |     8 |    22 ||    30
  Dodge: Dodged            |    52 |    35 |    63 |     5 ||   155
  Block: Buckler           |    20 |     9 |       |       ||    29

Table legend: (Time is in decaauts)
 A = Elapsed time spent in this place.
 B = Non-inter-level travel time spent in this place.
 C = Inter-level travel time spent in this place.
 D = Time resting spent in this place.
 E = Time spent auto-exploring this place.
 F = Levels seen in this place.
 G = Mean time per level.
                   A        B        C        D        E       F      G
               +--------+--------+--------+--------+--------+-----+--------+
         Total |   7377 |   7110 |    267 |    413 |   5587 |  12 |  614.8 |
       Dungeon |   7376 |   7109 |    267 |    413 |   5587 |  11 |  670.5 |
        Temple |      1 |      1 |      0 |      0 |      0 |   1 |    1.0 |
               +--------+--------+--------+--------+--------+-----+--------+

Top non-repeatable levels by time:
     D:5: 1088 daAuts
     D:1: 992 daAuts
     D:4: 967 daAuts
     D:3: 872 daAuts
     D:6: 864 daAuts
     D:7: 860 daAuts
     D:2: 830 daAuts
     D:9: 449 daAuts
    D:11: 259 daAuts
     D:8: 155 daAuts
    D:10: 33 daAuts
  Temple: 1 daAuts
